Map: New Repugnancy LE

Players

hookazone

  • Race: Terran Terran
  • Spawn Location: 1:00

SEWERVILLE - Winner!

  • Race: Protoss Protoss
  • League: Diamond
  • Spawn Location: 7:00

VOD

Have the link to the VOD?

Description

Time

  • Played on: May 3, 2019, 2:34 p.m.
  • Length: 9:30
Show
View Real Time Build Order
Export as new Build Order

hookazone Terran 

Build Orders:  

Get SALT Encoding   

  12  0:00  SCV  
  13  0:13  SCV  
  14  0:17  Supply Depot  
  14  0:25  SCV  
  15  0:38  SCV  
  15  0:40  Barracks  
  16  0:46  Refinery  
  16  0:51  SCV  
  17  1:05  SCV  
  18  1:17  SCV  
  19  1:42  Orbital Command  
  19  1:46  Bunker  
  19  1:50  Supply Depot  
  13  2:02  Marine  
  14  2:20  Marine  
  14  2:22  Barracks  
  15  2:28  SCV  
  16  2:38  Marine  
  17  2:44  Factory  
  17  2:48  SCV  
  18  2:57  Barracks Tech Lab  
  18  3:03  SCV  
  19  3:10  Supply Depot, Barracks Reactor  
  19  3:15  SCV  
  19  3:18  Stimpack  
  19  3:28  Factory Tech Lab  
  19  3:32  Marine  
  20  3:36  SCV  
  21  3:44  Starport  
  21  3:59  Refinery, SCV  
  22  4:16  Command Center  
  22  4:20  SCV  
  22  4:22  Marine  
  24  4:33  Factory Tech Lab  
  24  4:42  Marine x2  
  24  4:43  SCV  
  27  4:51  Siege Tank  
  30  5:08  SCV  
  30  5:09  Starport Reactor, Supply Depot  
  31  5:19  Combat Shield  
  31  5:27  Marine x3  
  31  5:28  SCV  
  35  5:32  Orbital Command  
  35  5:40  SCV  
  35  5:41  Supply Depot  
  36  5:45  Marine  
  36  5:49  Marine  
  37  5:50  Medivac  
  37  5:52  Medivac  
  37  5:53  Orbital Command  
  41  6:04  SCV  
  42  6:06  Siege Tank  
  45  6:16  SCV  
  46  6:22  Medivac  
  48  6:28  Engineering Bay, SCV x2  
  50  6:34  Marine x2  
  52  6:40  SCV  
  52  6:42  SCV, Supply Depot  
  52  6:45  Marine  
  55  6:52  Marine  
  56  6:55  Marine  
  56  7:04  Missile Turret  
  56  7:06  Missile Turret  
  53  7:09  Marine  
  53  7:23  Missile Turret  
  52  7:56  Missile Turret x2  
Show
View Real Time Build Order
Export as new Build Order

SEWERVILLE Protoss - Winner!

Build Orders:  

Get SALT Encoding   

  12  0:02  Probe  
  13  0:14  Probe  
  14  0:21  Pylon  
  14  0:26  Probe  
  15  0:43  Forge  
  15  0:48  Probe  
  16  0:56  Pylon  
  16  1:00  Probe  
  17  1:19  Photon Cannon  
  17  1:20  Photon Cannon  
  17  1:30  Gateway  
  16  1:49  Pylon  
  16  1:50  Pylon  
  15  2:00  Probe  
  16  2:02  Assimilator  
  16  2:06  Assimilator  
  16  2:12  Zealot  
  16  2:19  Cybernetics Core  
  16  2:22  Probe  
  19  2:30  Probe  
  20  2:38  Probe  
  21  2:48  Probe  
  22  3:00  Probe  
  23  3:06  Nexus  
  23  3:13  Probe  
  24  3:23  Probe  
  25  3:31  Probe  
  25  3:32  Pylon  
  25  3:39  Probe  
  27  3:52  Stargate  
  27  3:54  Stargate  
  27  3:55  Probe  
  27  3:56  Adept  
  30  4:03  Probe  
  30  4:09  Assimilator  
  31  4:13  Assimilator  
  31  4:21  Probe  
  32  4:33  Probe  
  32  4:38  Void Ray  
  37  4:51  Pylon  
  37  5:01  Void Ray  
  42  5:13  Photon Cannon  
  41  5:22  Photon Cannon  
  41  5:26  Probe  
  42  5:46  Void Ray  
  42  5:47  Void Ray  
  48  6:05  Probe  
  49  6:13  Pylon  
  49  6:26  Void Ray  
  53  6:36  Shield Battery  
  53  6:37  Shield Battery  
  51  6:50  Void Ray  
  55  7:09  Void Ray  
  35  9:12  Probe  
Tags
 
Add a new tag
Caveats
  • Supply blocks, unpowered buildings, or Contaminate may cause inaccurate times.
  • Supply counts are checked every 10 seconds.